 Dungeon Crawl Stone Soup version 0.26-a0-651-gb41185065b (webtiles) character file.

Game seed: 16859246409816143642

261 Lanoc the Firebug (level 5, -3/67 HPs)
             Began as a Troll Fire Elementalist on Sept 29, 2020.
             Was an Initiate of Vehumet.
             Slain by a bullfrog (6 damage)
             ... on level 3 of the Dungeon.
             The game lasted 00:02:20 (847 turns).

Lanoc the Firebug (Troll Fire Elementalist)          Turns: 847, Time: 00:02:21

Health: -3/67      AC:  6    Str: 16    XL:     5   Next: 96%
Magic:  5/5        EV: 10    Int: 12    God:    Vehumet [......]
Gold:   45         SH:  0    Dex: 10    Spells: 5/6 levels left

rFire    + . .     SeeInvis .   (no weapon)
rCold    + . .     Faith    .   (no shield)
rNeg     . . .     Spirit   .   a - +0 robe
rPois    +         Reflect  .   (helmet restricted)
rElec    +         Harm     .   (no cloak)
rCorr    +         Rampage  .   (gloves unavailable)
MR       .....                  (boots unavailable)
Stlth    ..........             (no amulet)
HPRegen  0.61/turn              (no ring)
MPRegen  0.09/turn              (no ring)

@: berserking, resistant, very quick
A: large, unfitting armour, claws 3, regeneration 1, shaggy fur 1, tough skin 3
a: Renounce Religion


You were on level 3 of the Dungeon.
You worshipped Vehumet.
Vehumet was noncommittal.
You visited 1 branch of the dungeon, and saw 3 of its levels.

You collected 45 gold pieces.

Inventory:

Armour
 a - a +0 robe (worn)
Scrolls
 b - a scroll of magic mapping {unknown}
 c - 2 scrolls of teleportation {unknown}
 d - 2 scrolls of identify {unknown}
 e - a scroll of enchant armour {unknown}
 f - a scroll of amnesia {unknown}
 g - a scroll of remove curse {unknown}
 j - a scroll of random uselessness {unknown}


   Skills:
 + Level 3.2 Dodging
 - Level 1.0 Stealth
 - Level 1.2 Spellcasting
 - Level 0.6 Conjurations
 * Level 4.3 Fire Magic


You had 5 spell levels left.
You knew the following spells:

 Your Spells              Type           Power        Failure   Level
a - Foxfire               Conj/Fire      #...         11%         1

Your spell library contained the following spells:

 Spells                   Type           Power        Failure   Level
 Conjure Flame            Conj/Fire      #.......     32%         3
 Inner Flame              Hex/Fire       #.......     36%         3
 Sticky Flame             Conj/Fire      #.......     71%         4
 Fireball                 Conj/Fire      #.........   96%         5


Dungeon Overview and Level Annotations

Branches:
Dungeon (3/15)

Altars:
Kikubaaqudgha
Vehumet


Innate Abilities, Weirdness & Mutations

You are too large for most types of armour.
You have claws for hands.
Your natural rate of healing is unusually fast.
You are covered in fur. (AC +1)
You have extremely tough skin. (AC +3)


Message History

a +0 club; a bat corpse; a hobgoblin corpse You claw the centaur!
The centaur is almost dead.
The ooze hits you but does no damage. The centaur hits you.
* * * LOW HITPOINT WARNING * * *
You mangle the centaur!!
You kill the centaur!
Vehumet accepts your kill.
Your Dodging skill increases to level 3!
Your Fire Magic skill increases to level 4!
You claw the ooze!
The ooze is severely wounded.
The ooze hits you but does no damage.
You claw the ooze!
You kill the ooze!
Vehumet accepts your kill.
You scratch the bullfrog.
The bullfrog is moderately wounded.
The bullfrog hits you.
You die...

########.##########.....##
.................†..#+#..#
##.#########..####.##
##.## ...# #..# #..# #..##
#..# #..# #.## ##..## .#
#..###.# #...# # #..##(.#
+...###_#
#..##.#########......#
#..##@#......!#..###..
...##)F......?#.##
#.#......?#.#
#.#########.#
#..#...†.'[.#
##.#(....#.## #.#######.#
#..#.).#..# ##.##)##..#


You could see a bullfrog.

Vanquished Creatures
  The ghost of Lanoc the Cudgeler, an amateur GrCK of Xom (D:3)
  A centaur (D:3)
  3 adders
  An ooze (D:3)
  A worm (D:3)
  A dart slug (D:3)
  4 leopard geckos
  3 giant cockroaches (D:3)
  4 goblins (D:3)
  3 hobgoblins
  2 bats (D:3)
  A kobold (D:2)
  3 rats
28 creatures vanquished.

Vanquished Creatures (others)
  41 foxfires
41 creatures vanquished.

Grand Total: 69 creatures vanquished

Notes
Turn   | Place    | Note
-------+----------+-------------------------------------------
     0 | D:1      | Lanoc the Troll Fire Elementalist began the quest for the
                  | Orb.
     0 | D:1      | Reached XP level 1. HP: 16/16 MP: 1/1
    57 | D:1      | You fall into a shaft and drop 1 floor!
    82 | D:2      | Reached XP level 2. HP: 14/24 MP: 2/2
   277 | D:3      | Reached XP level 3. HP: 23/31 MP: 0/3
   386 | D:3      | Found a radiant altar of Vehumet.
   392 | D:3      | Reached skill level 3 in Fire Magic
   396 | D:3      | Became a worshipper of Vehumet
   491 | D:3      | Found a runed translucent door.
   491 | D:3      | Noticed Lanoc's ghost (amateur GrCK)
   649 | D:3      | Killed Lanoc's ghost
   649 | D:3      | Reached XP level 4. HP: 31/39 MP: 2/4
   649 | D:3      | Reached XP level 5. HP: 36/45 MP: 2/5
   766 | D:3      | Found an ancient bone altar of Kikubaaqudgha.
   825 | D:3      | Noticed a centaur
   843 | D:3      | HP: 1/67 [centaur (5)]
   844 | D:3      | Killed a centaur
   844 | D:3      | Reached skill level 4 in Fire Magic
   847 | D:3      | Slain by a bullfrog

Illustrated notes

Levels and vault maps discovered:
D:1:      dpeg_arrival_erosion, layout_basic, patterned_corridor
D:2:      layout_loops_ring, nicolae_overflow_hidden_temple, minivault_14,
          minmay_misc_feat_square, kennysheep_cluttered_room, uniq_terence
D:3:      layout_loops_ring, lemuel_crystal_altar, vehumet_crystals,
          overflow_temple_1_default, ebering_ghost_sewer_f,
          minmay_misc_feat_enclosed, minmay_divided_ellipse

Skill      XL: |  1  2  3  4  5 |
---------------+----------------+-----
Dodging        | 2 3 |  3.2
Fire Magic     | 3 4 |  4.3
Stealth        | |  1.0
Spellcasting   | |  1.2
Conjurations   | |  0.6

Action                   |  1- 3 |  4- 6 || total
-------------------------+-------+-------++-------
Melee: Unarmed           |    47 |    35 ||    82
 Cast: Foxfire           |    19 |     4 ||    23
  Use: Potion            |       |     2 ||     2
Armor: Robe              |    18 |    22 ||    40
Dodge: Dodged            |    18 |    20 ||    38

Table legend: (Time is in decaauts)
 A = Elapsed time spent in this place.
 B = Non-inter-level travel time spent in this place.
 C = Inter-level travel time spent in this place.
 D = Time resting spent in this place.
 E = Time spent auto-exploring this place.
 F = Levels seen in this place.
 G = Mean time per level.
                   A        B        C        D        E       F      G
               +--------+--------+--------+--------+--------+-----+--------+
         Total |    846 |    843 |      3 |      0 |    533 |   3 |  282.0 |
       Dungeon |    846 |    843 |      3 |      0 |    533 |   3 |  282.0 |
               +--------+--------+--------+--------+--------+-----+--------+

Top non-repeatable levels by time:
     D:3: 639 daAuts
     D:2: 149 daAuts
     D:1: 57 daAuts
